 Dungeon Crawl Stone Soup version 0.30-a0-711-gf4ac18a38d (webtiles) character file.

Game seed: 1672806183380906933

9236 tkbsonic5 the Fighter (level 11, 0/99 HPs)
             Began as a Hill Orc Cinder Acolyte on Jan 22, 2023.
             Was an Initiate of Qazlal.
             Slain by a fire elemental (7 damage)
             ... created by the fiery vengeance of Ignis
             ... on level 12 of the Dungeon.
             The game lasted 00:41:59 (13016 turns).

tkbsonic5 the Fighter (Hill Orc Cinder Acolyte)    Turns: 13016, Time: 00:42:00

Health: 0/99       AC: 15    Str: 20 (22) XL:     11   Next: 43%
Magic:  13/17      EV:  6    Int: 12 (14) God:    Qazlal [......]
Gold:   74         SH:  0    Dex:  4 (6)  Spells: 7/18 levels left

rFire   . . .      SeeInvis .    B - +4 battleaxe (freeze)
rCold   x . .      Faith    .    (shield currently unavailable)
rNeg    . . .      Spirit   .    y - +0 plate armour
rPois   +          Reflect  .    k - +1 helmet
rElec   .          Harm     .    (no cloak)
rCorr   .          Rampage  .    (no gloves)
Will    .....                    (no boots) Stlth
                                 (no amulet)
HPRegen 0.36/turn                e - ring of poison resistance
MPRegen 0.15/turn                h - ring of fire

@: fire susceptible
A: no striking features
a: Renounce Religion


You were on level 12 of the Dungeon.
You worshipped Qazlal.
Qazlal was noncommittal.
You visited 1 branch of the dungeon, and saw 12 of its levels.

You collected 520 gold pieces.
You spent 446 gold pieces at shops.

Inventory:

Hand Weapons
 a - a +0 hand axe of flaming
 n - the +11 dagger "Kiowuas" {pain, rElec rC+ rCorr}
   (You found it on level 5 of the Dungeon)

   rC:        It protects you from cold.
   rElec:     It insulates you from electricity.
   rCorr:     It protects you from acid and corrosion.
 o - a +0 demon trident of flaming
 B - a +4 battleaxe of freezing (weapon)
 C - a +2 trident of freezing
Missiles
 b - 31 poisoned darts
 w - a curare-tipped dart
Armour
 k - a +1 helmet (worn)
 r - a +2 ring mail of cold resistance
 y - a +0 plate armour (worn)
 z - +0 steam dragon scales
Jewellery
 d - a ring of magical power
 e - a ring of poison resistance (left hand)
 h - a ring of fire (right hand)
 p - a ring of flight
Wands
 f - a wand of polymorph (5)
 g - a wand of iceblast (4)
Scrolls
 j - 3 scrolls of identify
 m - a scroll of fog
Potions
 c - 3 potions of mutation
 i - a potion of lignification


   Skills:
 * Level 10.1 Fighting
 - Level 2.9 Short Blades
 * Level 9.3(10.0) Axes
 - Level 4.8(7.0) Polearms
 * Level 3.6 Throwing
 * Level 7.1 Armour
 - Level 2.8 Dodging
 + Level 4.3 Spellcasting
 + Level 3.9 Necromancy
 * Level 8.5 Fire Magic


You had 7 spell levels left.
You knew the following spells:

 Your Spells              Type           Power      Damage    Failure   Level
a - Scorch                Fire           68%        2d8       22%         2
b - Necrotise             Necr           48%        1d6       67%         1
c - Vampiric Draining     Necr           12%        2d6       95%         3
d - Agony                 Necr           12%        N/A       100%        5

Your spell library contained the following spells:

 Spells                   Type           Power      Damage    Failure   Level
 Animate Armour           Summ/Erth      4%         N/A       100%        4
 Blade Hands              Tmut           1%         N/A       100%        5
 Iron Shot                Conj/Erth      1%         9d1       100%        6


Dungeon Overview and Level Annotations

Branches:
Dungeon (11/15)            Temple (0/1) D:6            Lair (0/5) D:8
    Orc: D:9-12

Altars:
Cheibriados
Dithmenos
Elyvilon
Fedhas
Hepliaklqana
Nemelex Xobeh
Qazlal
Ru
Sif Muna
Uskayaw
Vehumet
Xom
Yredelemnul
The Shining One

Shops:
D:6 (   D:7 (   D:10 *(?(!

Annotations:
D:5 2 transporters, flotson's ghost, weakling DsDe
D:7 1 runed translucent door, Crazy Yiuf


Message History

The fire elemental hits you. The fire elemental burns you!
You hit the fire elemental. You freeze the fire elemental.
The fire elemental is severely damaged.
The fire elemental closely misses you.
You slice the fire elemental!! You freeze the fire elemental.
You destroy the fire elemental!
That felt strangely unrewarding.
The fire elemental barely misses you.
You barely miss the fire elemental. The fire elemental barely misses you.
The fire elemental hits you. The fire elemental burns you!
You slash the fire elemental! You freeze the fire elemental.
The fire elemental is heavily damaged.
The fire elemental hits you. The fire elemental burns you!
You closely miss the fire elemental.
The fire elemental is heavily damaged.
The fire elemental hits you. The fire elemental burns you!
The fire elemental completely misses you.
You closely miss the fire elemental.
The fire elemental is heavily damaged.
The fire elemental hits you. The fire elemental burns you!
You closely miss the fire elemental.
The fire elemental is heavily damaged.
The fire elemental hits you. The fire elemental burns you!
* * * LOW HITPOINT WARNING * * *
The fire elemental hits you. The fire elemental burns you!
* * * LOW HITPOINT WARNING * * *
Okay, then.
As you read the scroll labelled OBEAXEMUTI, it crumbles to dust.
The scroll dissolves into smoke.
It was a scroll of fog.
The fire elemental hits you. The fire elemental burns you!
* * * LOW HITPOINT WARNING * * *
Blink to where?
Press: ? - help, Dir - move target
As you read the scroll of blinking, it crumbles to dust.
Okay, then.
You slash the fire elemental! You freeze the fire elemental.
The fire elemental is severely damaged.
The fire elemental hits you. The fire elemental burns you!
* * * LOW HITPOINT WARNING * * *
The fire elemental hits you. The fire elemental burns you!
You die...

#############
#.........@.#
#......#..#E#
#.#...###.#§#
#.##.###..#§#
#.#####.§§#§# #######.#
#..§§#§######## ........#
##...§§§○......
.....#..######......#..#..
....................# #


You could see a fire elemental.

Vanquished Creatures
  2 two-headed ogres
  A cyclops (D:9)
  2 kobold demonologists (D:10)
  An unseen horror (D:10)
  2 komodo dragons (D:7)
  Prince Ribbit (D:7)
  Grinder (D:5)
  A hornet (D:9)
  Sigmund (D:5)
  A shadow (D:10)
  2 wyverns
  A basilisk (D:12)
  3 wraiths
  A vampire (D:11)
  A fire elemental (D:12)
  A steam dragon (D:8)
  Edmund (D:5)
  An acid dragon (D:9)
  4 water moccasins
  3 orc warriors
  2 phantoms (D:5)
  4 bullfrogs
  6 kobold brigands
  3 necrophages
  A gnoll sergeant (D:10)
  6 scorpions
  16 wights
  2 water moccasin zombies (D:5)
  2 electric eels (D:8)
  6 howler monkeys
  5 orc priests
  A gnoll bouda (D:8)
  Ijyb (D:5)
  Jessica (D:2)
  3 iguanas
  5 orc wizards
  A spectral hound (D:5)
  A bullfrog simulacrum (D:5)
  7 adders
  11 gnolls
  2 ufetubi
  3 worms
  3 dart slugs
  28 orcs
  5 bats
  7 endoplasms
  3 giant cockroaches
  9 goblins
  7 hobgoblins
  10 jackals
  7 quokkas
  12 ball pythons
  6 frilled lizards
  18 kobolds
  5 rats
240 creatures vanquished.

Vanquished Creatures (collateral kills)
  A goblin (D:2)
  A jackal (D:3)
2 creatures vanquished.

Vanquished Creatures (others)
  A howler monkey (D:3)
  A butterfly (D:6)
  58 foxfires
  7 fungi (D:8)
  41 plants (D:8)
  15 withered plants (D:5)
123 creatures vanquished.

Grand Total: 365 creatures vanquished

Notes
Turn   | Place    | Note
-------+----------+-------------------------------------------
     0 | D:1      | tkbsonic5 the Hill Orc Cinder Acolyte began the quest for
                  | the Orb.
     0 | D:1      | Reached XP level 1. HP: 19/19 MP: 2/2
    80 | D:1      | Reached XP level 2. HP: 23/27 MP: 3/3
    96 | D:1      | Reached skill level 1 in Armour
   175 | D:1      | Learned a level 2 spell: Scorch
   230 | D:1      | Reached skill level 4 in Fighting
   230 | D:1      | Reached XP level 3. HP: 32/33 MP: 4/4
   500 | D:1      | Found a faded altar of an unknown god.
  1036 | D:2      | Reached XP level 4. HP: 40/40 MP: 0/6
  1576 | D:2      | Noticed Jessica
  1600 | D:2      | Killed Jessica
  1601 | D:2      | Reached skill level 5 in Axes
  2211 | D:3      | Reached XP level 5. HP: 47/47 MP: 4/7
  2554 | D:3      | Found a hide-covered altar of Uskayaw.
  2555 | D:3      | Found a snail-covered altar of Cheibriados.
  2561 | D:3      | Found a shadowy altar of Dithmenos.
  2562 | D:3      | Found a glowing golden altar of the Shining One.
  2564 | D:3      | Found a radiant altar of Vehumet.
  2565 | D:3      | Found a hazy altar of Hepliaklqana.
  2567 | D:3      | Found a basalt altar of Yredelemnul.
  2571 | D:3      | Found a shimmering altar of Xom.
  2750 | D:3      | Reached skill level 5 in Fighting
  2750 | D:3      | Reached skill level 1 in Polearms
  2750 | D:3      | Reached XP level 6. HP: 39/56 MP: 8/8
  4256 | D:5      | Entered Level 5 of the Dungeon
  4351 | D:5      | Reached XP level 7. HP: 61/61 MP: 7/10
  4405 | D:5      | Noticed Edmund
  4409 | D:5      | Noticed a wraith
  4411 | D:5      | Killed Edmund
  4412 | D:5      | Reached skill level 5 in Fire Magic
  4417 | D:5      | Killed a wraith
  4426 | D:5      | Reached skill level 6 in Fighting
  4534 | D:5      | Found a transporter.
  4535 | D:5      | Noticed flotson's ghost (weakling DsDe)
  4548 | D:5      | Noticed Ijyb
  4553 | D:5      | Killed Ijyb
  4561 | D:5      | Found a transporter.
  4567 | D:5      | Reached XP level 8. HP: 55/70 MP: 1/11
  4738 | D:5      | Noticed Sigmund
  4739 | D:5      | Noticed Grinder
  4744 | D:5      | Paralysed by Grinder for 5 turns
  4750 | D:5      | Killed Sigmund
  4750 | D:5      | Killed Grinder
  4871 | D:5      | Found a sparkling altar of Nemelex Xobeh.
  4914 | D:5      | Reached skill level 7 in Fighting
  5008 | D:5      | Identified the +11 dagger "Kiowuas" {pain, rElec rC+ rCorr}
  5068 | D:5      | Reached XP level 9. HP: 35/79 MP: 1/13
  5643 | D:6      | Reached skill level 1 in Short Blades
  5995 | D:6      | Found Hielum's Weapon Shop.
  6031 | D:6      | Found a white marble altar of Elyvilon.
  6048 | D:6      | Found a staircase to the Ecumenical Temple.
  6230 | D:6      | Learned a level 1 spell: Necrotise
  6234 | D:6      | Learned a level 3 spell: Vampiric Draining
  6240 | D:6      | Learned a level 5 spell: Agony
  6443 | D:7      | Noticed a hornet
  6443 | D:7      | Noticed Prince Ribbit
  6452 | D:7      | Paralysed by a hornet for 2 turns
  6568 | D:6      | a hornet changed into a sky beast
  6578 | D:6      | HP: 4/81 [something (6)]
  7297 | D:7      | Reached skill level 8 in Fighting
  7297 | D:7      | Reached skill level 1 in Dodging
  7439 | D:7      | Killed Prince Ribbit
  7440 | D:7      | Reached skill level 1 in Necromancy
  7526 | D:7      | Found a stormy altar of Qazlal.
  7538 | D:7      | Found Iruutalou's Serpentskin Sales.
  7539 | D:7      | Found a shimmering blue altar of Sif Muna.
  7572 | D:7      | Bought 3 poisoned darts for 25 gold pieces
  7572 | D:7      | Bought 3 poisoned darts for 25 gold pieces
  7572 | D:7      | Bought 5 poisoned darts for 42 gold pieces
  7572 | D:7      | Bought 4 poisoned darts for 33 gold pieces
  7572 | D:7      | Bought a scroll of poison for 56 gold pieces
  7572 | D:7      | Bought 5 poisoned darts for 42 gold pieces
  7572 | D:7      | Bought a scroll of poison for 56 gold pieces
  7696 | D:7      | Found Jimu's Weapon Emporium.
  7701 | D:7      | Bought a +0 broad axe for 44 gold pieces
  7701 | D:7      | Bought a +0 war axe for 38 gold pieces
  7837 | D:7      | Found a runed translucent door.
  7838 | D:7      | Noticed Crazy Yiuf
  7866 | D:8      | Noticed a komodo dragon
  7876 | D:8      | Noticed a komodo dragon
  8101 | D:8      | Found a sacrificial altar of Ru.
  8535 | D:8      | Reached skill level 5 in Armour
  9057 | D:8      | Reached XP level 10. HP: 88/90 MP: 15/15
  9072 | D:8      | Found a staircase to the Lair.
  9094 | D:8      | Reached skill level 1 in Throwing
  9640 | D:8      | Noticed a two-headed ogre
  9647 | D:8      | Killed a two-headed ogre
  9648 | D:8      | Reached skill level 9 in Fighting
 10056 | D:9      | Noticed a cyclops
 10064 | D:9      | Killed a cyclops
 10943 | D:10     | Entered Level 10 of the Dungeon
 10947 | D:10     | Found Deijafra's Assorted Antiques.
 10957 | D:10     | Bought a scroll labelled SUIMA BOXIEMEV for 17 gold pieces
 10957 | D:10     | Bought a twisted lead wand for 68 gold pieces
 10962 | D:10     | Found Zanelean's Magic Scroll Boutique.
 10979 | D:10     | Noticed a kobold demonologist
 10983 | D:10     | Noticed a kobold demonologist
 10991 | D:10     | Killed a kobold demonologist
 11165 | D:10     | Noticed a sun demon
 11170 | D:10     | Killed a kobold demonologist
 11171 | D:10     | Reached XP level 11. HP: 97/97 MP: 17/17
 11412 | D:10     | Noticed a two-headed ogre
 11417 | D:10     | Killed a two-headed ogre
 11716 | D:10     | Found Fan Gof's Antique Weapon Shoppe.
 11781 | D:10     | Found a blossoming altar of Fedhas.
 11810 | D:10     | Found Buveseoq's Distillery.
 12291 | D:7      | Fell from the grace of Ignis
 12291 | D:7      | Became a worshipper of Qazlal Stormbringer
 12376 | D:10     | Found Ishadici's Weapon Boutique.
 12436 | D:10     | Reached skill level 10 in Fighting
 12828 | D:11     | You fall into a shaft and drop 1 floor!
 13016 | D:12     | Slain by a fire elemental

Illustrated notes

Levels and vault maps discovered:
D:1:      amcnicky_arrival_gap_in_the_tavern_cellar, layout_rooms,
          hellmonk_ecumenical_altar_inner_sanctum, serial_bayou_ford_a
D:2:      layout_basic, kennysheep_donut, uniq_jessica
D:3:      minmay_general_purpose_star, layout_basic,
          nicolae_overflow_hallway_of_the_gods, nicolae_figureground_pulse
D:4:      layout_basic, nicolae_eternal_life, grunt_ministairs_6,
          minmay_circle_x
D:5:      layout_basic, lemuel_crystal_altar, gammafunk_ghost_stat_death,
          dilly_guarded_unrand_morg, uniq_sigmund, uniq_edmund, uniq_ijyb,
          uniq_grinder
D:6:      layout_rooms, nicolae_elyvilon_peaceful_grove, temple_fountains,
          serial_shops, kennysheep_mini
D:7:      layout_basic, nicolae_sif_muna_condensation, old_standard_altar,
          serial_shops, shop, guppyfry_shop_venom, uniq_prince_ribbit1,
          uniq_crazy_yiuf_cottage
D:8:      layout_loops_ring, lemuel_tele_altar, grunt_lair_entry_orc_guard_hut,
          serial_bayou, serial_bayou_pond_c, serial_bayou_pond_d,
          serial_bayou_pond_a, serial_bayou_lagoon_a
D:9:      layout_basic
D:10:     layout_irregular_city, mainiacjoe_overflow_alcove_2, serial_shops,
          shop, shop_statue, nicolae_shop_stone, nicolae_shop_hallway_stairs,
          nicolae_shop_trees, enter_bailey_3, chequers_serial_rivers_micro_e
D:11:     layout_loops_cross
D:12:     layout_stronghold, serial_shops, shop, nicolae_square_shop,
          nicolae_take_the_stairs, st_stairs_6, nicolae_straight_to_the_point

Skill      XL: |  1  2  3  4  5  6  7  8  9 10 11 |
---------------+----------------------------------+-----
Armour         | 1 2 3 5 6 7 |  7.1
Fighting       | 4 5 6 7 8 9 10 | 10.1
Axes           | 5 6 7 8 9 |  9.3
Fire Magic     | 4 5 6 7 8 |  8.5
Polearms       | 1 2 3 4 |  4.8
Spellcasting   | 2 3 4 |  4.3
Short Blades   | 2 |  2.9
Dodging        | 1 2 |  2.8
Necromancy     | 1 3 |  3.9
Throwing       | 3 |  3.6

Action                     |  1- 3 |  4- 6 |  7- 9 | 10-12 || total
---------------------------+-------+-------+-------+-------++-------
  Melee: Hand axe          |   112 |    41 |    57 |       ||   210
         Demon trident     |       |    78 |    61 |       ||   139
         Punch             |       |       |     5 |       ||     5
         Dagger            |       |       |   103 |       ||   103
         Broad axe         |       |       |    61 |    37 ||    98
         Battleaxe         |       |       |       |   145 ||   145
  Throw: Dart              |       |       |    12 |    11 ||    23
         Throwing net      |       |       |     1 |       ||     1
   Cast: Scorch            |     5 |    31 |    54 |    68 ||   158
         Vampiric Draining |       |       |       |     4 ||     4
 Invoke: Fiery Armour      |     1 |       |     1 |     3 ||     5
         Foxfire Swarm     |       |       |     2 |     2 ||     4
  Evoke: Wand              |       |       |     3 |     1 ||     4
    Use: Scroll            |     1 |    11 |    14 |    14 ||    40
         Potion            |       |     1 |     8 |     6 ||    15
   Stab: Invisible         |       |       |       |     2 ||     2
 Armour: Robe              |    26 |     1 |       |       ||    27
         Scale mail        |       |    46 |       |       ||    46
         Ring mail         |       |       |   149 |    37 ||   186
         Skin              |       |       |       |    24 ||    24
         Plate armour      |       |       |       |    74 ||    74
  Dodge: Dodged            |    84 |    56 |   183 |    90 ||   413

Table legend: (Time is in decaauts)
 A = Elapsed time spent in this place.
 B = Non-inter-level travel time spent in this place.
 C = Inter-level travel time spent in this place.
 D = Time resting spent in this place.
 E = Time spent auto-exploring this place.
 F = Levels seen in this place.
 G = Mean time per level.
                   A        B        C        D        E       F      G
               +--------+--------+--------+--------+--------+-----+--------+
         Total |  13097 |  12599 |    498 |    971 |   9795 |  12 | 1091.4 |
       Dungeon |  13097 |  12599 |    498 |    971 |   9795 |  12 | 1091.4 |
               +--------+--------+--------+--------+--------+-----+--------+

Top non-repeatable levels by time:
     D:8: 2047 daAuts
    D:10: 1425 daAuts
     D:7: 1389 daAuts
     D:5: 1379 daAuts
     D:3: 1257 daAuts
     D:6: 1241 daAuts
     D:2: 1216 daAuts
     D:4: 1134 daAuts
     D:9: 944 daAuts
     D:1: 676 daAuts
    D:11: 193 daAuts
    D:12: 190 daAuts
